 Dungeon Crawl Stone Soup version 0.19-a0-1008-g4c63d25 (webtiles) character file.

987 Implojin the Grappler (level 7, -2/57 HPs)
             Began as a Minotaur Fighter on July 21, 2016.
             Was a Follower of Cheibriados.
             Slain by an orc warrior
             ... wielding a +0 short sword
              (6 damage)
             ... on level 8 of the Dungeon.
             The game lasted 00:08:20 (950 turns).

Implojin the Grappler (Minotaur Fighter)             Turns: 950, Time: 00:08:21

Health: -2/57      AC: 11    Str: 22 (24) XL:     7   Next: 97%
Magic:  0/6        EV:  4    Int:  6 (8)  God:    Cheibriados [*.....]
Gold:   18         SH:  9    Dex: 12 (14) Spells: 0 memorised, 6 levels left

rFire  . . .     SeeInvis .       - Unarmed
rCold  . . .     Gourm    .     e - +0 plate armour
rNeg   . . .     Faith    .     b - +0 shield
rPois  .         Spirit   +     (helmet restricted)
rElec  +         Dismiss  .     (no cloak)
rCorr  .         Reflect  .     (no gloves)
SustAt .         Harm     .     (no boots)
MR     +....     Rnd*Tele +     l - amulet of guardian spirit
Stlth  ..........               (no ring)
                                h - ring of protection from magic

@: very slow, somewhat resistant to hostile enchantments, extremely unstealthy
A: retaliatory headbutt, horns 2, electricity resistance, teleportitis 1, no
device heal 1
a: Bend Time, Renounce Religion


You were on level 8 of the Dungeon.
You worshipped Cheibriados.
Cheibriados was aware of your devotion.
You were not hungry.

You visited 2 branches of the dungeon, and saw 10 of its levels.

You collected 18 gold pieces.

Inventory:

Armour
 a - a +0 scale mail
 b - a +0 shield (worn)
 e - a +0 plate armour (worn)
 i - a +0 ring mail
 k - a +0 chain mail
Jewellery
 h - a ring of protection from magic (left hand)
 l - an amulet of guardian spirit (around neck)
 q - an uncursed ring of protection from fire {unknown}
Wands
 s - a wand of enslavement (15/24)
 t - a wand of digging (8/24)
Scrolls
 f - 3 scrolls of remove curse
 u - a scroll of identify
Potions
 g - a potion of mutation
 j - a potion of might
Books
 o - a book of Annihilations

   Spells                             Type                      Level
   a - Poison Arrow                   Conjuration/Poison           6
   b - Chain Lightning                Conjuration/Air              8
   c - Lehudib's Crystal Spear        Conjuration/Earth            8
   d - Glaciate                       Conjuration/Ice              9
   e - Fire Storm                     Conjuration/Fire             9
Comestibles
 c - a slice of pizza
 d - 2 bread rations
 m - a meat ration


   Skills:
 - Level 3.6 Fighting
 - Level 3.6 Armour
 - Level 3.6 Shields
 * Level 10.2 Unarmed Combat


You had 6 spell levels left.
You didn't know any spells.

Dungeon Overview and Level Annotations

Branches:
Dungeon (9/15)             Temple (1/1) D:4
   Lair: D:8-11         Orc: D:9-12

Altars:
Cheibriados
Kikubaaqudgha
Makhleb
Nemelex Xobeh
Qazlal
Ru
Sif Muna
Uskayaw
Xom
Yredelemnul

Shops:
D:6 !


Innate Abilities, Weirdness & Mutations

You reflexively headbutt those who attack you in melee.
You have a pair of horns on your head.
You are resistant to electric shocks. (rElec)
You are occasionally teleported next to monsters.
Potions and wands are less effective at restoring your health.


Message History

The orc shouts!
An orc warrior comes into view. It is wielding a short sword.
The orc warrior shouts!
Found 13 gold pieces.
There is a stone staircase leading up here.
You hit the orc.
The orc is severely wounded.
The orc hits you but does no damage.
You closely miss the orc.
The orc is heavily wounded.
The orc hits you but does no damage.
An orc comes into view. It is wielding a short sword.
You closely miss the orc.
The orc shouts!
Your headbutt misses the orc.
The orc is heavily wounded.
The orc hits you but does no damage. 2 orcs come into view.
An orc is wielding a mace of protection.
Unknown command.
The orc shouts! x2
You punch the orc!
You kill the orc!
Cheibriados thoroughly appreciates the change of pace.
Unknown command.
You hit the orc warrior.
The orc warrior is lightly wounded.
The orc warrior hits you with a short sword!
* * * LOW HITPOINT WARNING * * *
Unknown command.
The orc warrior hits you with a short sword!
* * * LOW HITPOINT WARNING * * *
You climb upwards.
There is a stone staircase leading down here.
Unknown command.
Unknown command.
You hit the orc warrior but do no damage.
The orc warrior is lightly wounded.
The orc warrior hits you with a short sword!
You die...

*,,*,,*≈≈≈≈≈******,,,,,*
****,,+,≈≈≈≈**##*#,##*,****
******###*#..,.#..,,,,,,
*,,#.# #.###.##*,#**,
*,,#.# #.##...##.#**,
*,,#.# #.#.....#.#*,,
*,,#.###.........##..
*,,#o##.#.........<..
*,,#@..##....<(......
#..####.#......#.....
*#.....>..#...##,,#..
#.######.........,,, *,*
##########*** *,* * *,* *
*,* * *,* ******


You could see an orc warrior.

Vanquished Creatures
  An orc warrior (D:6)
  A sky beast (D:7)
  A black bear (D:6)
  The ghost of grisamentum the Skirmisher, an amateur MiSu (D:3)
  2 centaurs
  A giant frog (D:6)
  A wyvern zombie (D:9)
  A scorpion (D:7)
  A giant frog zombie (D:7)
  A hound (D:7)
  5 orc wizards
  A giant frog skeleton (D:5)
  An iguana (D:9)
  A worker ant (D:7)
  3 adders
  An ooze (D:1)
  A worm (D:2)
  8 orcs
  2 jackals (D:3)
  A quokka (D:5)
  3 bats (D:1)
  A giant newt (D:3)
  A kobold (D:8)
  5 rats
45 creatures vanquished.

Vanquished Creatures (others)
  A giant cockroach (D:3)
  A plant (D:9)
2 creatures vanquished.

Grand Total: 47 creatures vanquished

Notes
Turn   | Place    | Note
-------+----------+-------------------------------------------
     0 | D:1      | Implojin the Minotaur Fighter began the quest for the Orb.
     0 | D:1      | Reached XP level 1. HP: 19/19 MP: 0/0
   136 | D:1      | Reached skill level 3 in Unarmed Combat
   137 | D:1      | Reached XP level 2. HP: 22/26 MP: 1/1
   208 | D:3      | Reached skill level 4 in Unarmed Combat
   208 | D:3      | Reached XP level 3. HP: 10/31 MP: 2/2
   227 | D:3      | Noticed grisamentum's ghost (amateur MiSu)
   246 | D:3      | Killed grisamentum's ghost
   246 | D:3      | Reached skill level 5 in Unarmed Combat
   246 | D:3      | Reached XP level 4. HP: 18/39 MP: 3/3
   408 | D:4      | Found a staircase to the Ecumenical Temple.
   410 | D:4      | Noticed a centaur
   415 | Temple   | Entered the Ecumenical Temple
   486 | Temple   | Became a worshipper of Cheibriados the Contemplative
   508 | D:4      | Killed a centaur
   508 | D:4      | Reached skill level 6 in Unarmed Combat
   508 | D:4      | Reached XP level 5. HP: 29/45 MP: 2/4
   529 | D:5      | Entered Level 5 of the Dungeon
   657 | D:6      | Noticed an orc warrior
   664 | D:6      | Gained mutation: You are resistant to electric shocks. (rElec) [potion of mutation]
   664 | D:6      | Gained mutation: You are occasionally teleported next to monsters. [potion of mutation]
   664 | D:6      | Gained mutation: Potions and wands are less effective at restoring your health. [potion of mutation]
   681 | D:6      | Killed an orc warrior
   681 | D:6      | Reached skill level 7 in Unarmed Combat
   681 | D:6      | Reached XP level 6. HP: 51/51 MP: 3/5
   690 | D:6      | Reached skill level 8 in Unarmed Combat
   742 | D:6      | Found Tasoic's Distillery.
   748 | D:6      | Reached XP level 7. HP: 47/57 MP: 6/6
   793 | D:7      | Reached * piety under Cheibriados
   793 | D:7      | Reached skill level 9 in Unarmed Combat
   858 | D:7      | Reached skill level 10 in Unarmed Combat
   890 | D:9      | Noticed a troll
   950 | D:8      | Slain by an orc warrior

Vault maps used:
D:1:      sevenhm_arrival_forest_fort_large_1
D:3:      first_bread, lemuel_old_faithful
D:4:      gammafunk_temple_overflow_pools
D:5:      grunt_ministairs_11, sigmund_army
D:6:      serial_shops, shop, uniq_blork_the_orc
D:8:      grunt_temple_overflow_open, hangedman_ranch
D:9:      good_gods_temple_1, david_lair_shrubbed
Temple:   zaba_magenta_temple

Skill      XL: |  1  2  3  4  5  6  7 |
---------------+----------------------+-----
Unarmed Combat | 3 4 5 6 7 8 10 | 10.2
Fighting       | |  3.6
Armour         | |  3.6
Shields        | |  3.6

Action                   |  1- 3 |  4- 6 |  7- 9 || total
-------------------------+-------+-------+-------++-------
Melee: Unarmed           |    40 |    57 |    77 ||   174
       Headbutt          |     5 |     9 |    11 ||    25
Evoke: Wand              |       |       |     1 ||     1
  Use: Scroll            |     2 |     4 |     3 ||     9
       Potion            |     1 |     2 |     3 ||     6
Armor: Ring mail         |    29 |    20 |       ||    49
       Scale mail        |     1 |       |       ||     1
       Skin              |       |     8 |       ||     8
       Plate armour      |       |     4 |    65 ||    69
Dodge: Dodged            |    26 |    11 |    13 ||    50
Block: Shield            |    40 |    30 |    54 ||   124

Table legend:
 A = Turns spent in this place as a percentage of turns spent in the entire game.
 B = Non-inter-level travel turns spent in this place as a percentage of non-inter-level travel turns spent in the entire game.
 C = Inter-level travel turns spent in this place as a percentage of turns spent in this place.
 D = Turns resting spent in this place as a percentage of non-inter-level travel turns spent in this place.
 E = Turns spent auto-exploring this place as a percentage of non-inter-level travel turns spent in this place.
 F = Non-inter-level travel turns spent in this place divided by the number of levels of this place that you've seen.
                   A       B       C       D       E      F
               +-------+-------+-------+-------+-------+----------------------
         Total | 100.0 | 100.0 |   0.0 |   0.4 |   0.0 |  97.2
       Dungeon |  91.0 |  91.0 |   0.0 |   0.5 |   0.0 |  98.3
        Temple |   9.0 |   9.0 |   0.0 |   0.0 |   0.0 |  87.0
               +-------+-------+-------+-------+-------+----------------------

Table legend:
 A = Kills in this place as a percentage of kills in entire the game.
 B = Kills by you in this place as a percentage of kills by you in the entire game.
 C = Kills by friends in this place as a percentage of kills by friends in the entire game.
 D = Other kills in this place as a percentage of other kills in the entire game.
 E = Experience gained in this place as a percentage of experience gained in the entire game.
 F = Experience gained in this place divided by the number of levels of this place that you have seen.
                   A       B       C       D       E      F
               +-------+-------+-------+-------+-------+----------------------
         Total | 100.0 | 100.0 |  -nan |  -nan | 100.0 | 141.0
       Dungeon | 100.0 | 100.0 |  -nan |  -nan | 100.0 | 156.7
               +-------+-------+-------+-------+-------+----------------------
